 Dungeon Crawl Stone Soup version 0.29.1-14-g9c671dbff4 (webtiles) character file.

Game seed: 5889919001267662963

1166 Thatpatchoflichen the Shooter (level 7, 0/61 HPs)
             Began as a Demigod Hunter on Feb 17, 2023.
             Killed by divine providence
             ... invoked by an orc priest
              (10 damage)
             ... on level 6 of the Dungeon.
             The game lasted 00:13:44 (6306 turns).

Thatpatchoflichen the Shooter (Demigod Hunter)      Turns: 6306, Time: 00:13:44

Health: 0/61       AC:  4    Str: 12    XL:     7   Next: 96%
Magic:  9/9        EV: 18    Int: 11    God:
Gold:   364        SH:  0    Dex: 32    Spells: 6/6 levels left

rFire   . . .      SeeInvis .   a - +0 shortbow
rCold   . . .      Faith    .   (shield currently unavailable)
rNeg    + . .      Spirit   .   r - +0 robe of Isiatwea {rN+ Will++ Dex+7}
rPois   .          Reflect  .   (no helmet)
rElec   .          Harm     .   t - +0 cloak
rCorr   +          Rampage  .   v - +0 pair of gloves
Will    ++...                   (no boots)
Stlth   ++........              (no amulet)
HPRegen 0.20/turn               x - ring of resist corrosion
MPRegen 0.11/turn               (no ring)

@: marked, very slow
A: high MP 1, forlorn, divine attributes
a: no special abilities


You were on level 6 of the Dungeon.
You visited 2 branches of the dungeon, and saw 7 of its levels.

You collected 364 gold pieces.

Inventory:

Hand Weapons
 a - a +0 shortbow (weapon)
Missiles
 n - 6 boomerangs
Armour
 c - a +0 leather armour
 d - a +0 scale mail
 i - a +0 chain mail
 r - the +0 robe of Isiatwea (worn) {rN+ Will++ Dex+7}
   (You found it on level 5 of the Dungeon)

   Dex:       It affects your dexterity (+7).
   rN:        It protects you from negative energy.
   Will:      It greatly increases your willpower.
 t - a +0 cloak (worn)
 v - a +0 pair of gloves (worn)
Jewellery
 x - a ring of resist corrosion (left hand)
Wands
 f - a wand of flame (17)
 k - a wand of mindburst (10)
Scrolls
 b - a scroll of immolation
 e - a scroll of blinking {unknown}
 h - 2 scrolls of fog
 j - a scroll of magic mapping {unknown}
 p - 2 scrolls of noise {unknown}
 s - a scroll of enchant armour {unknown}
 u - a scroll of torment {unknown}
 y - a scroll of teleportation {unknown}
Potions
 g - 2 potions of brilliance
 l - a potion of attraction {unknown}
 m - 3 potions of curing
 o - a potion of might {unknown}
 q - 2 potions of ambrosia {unknown}
 w - a potion of degeneration {unknown}


   Skills:
 + Level 5.2 Fighting
 - Level 6.0 Ranged Weapons
 - Level 2.1 Armour
 + Level 5.3 Dodging
 - Level 0.8 Stealth


You had 6 spell levels left.
You didn't know any spells.
Your spell library contained the following spells:

 Spells                   Type           Power      Damage    Failure   Level
 Static Discharge         Conj/Air       0%         3-3/arc   47%         2
 Lightning Bolt           Conj/Air       0%         1d11      100%        5
 Maxwell's Capacitive Co  Air            0%         ∞         100%        8


Dungeon Overview and Level Annotations

Branches:
Dungeon (6/15)             Temple (1/1) D:5

Shops:
D:1 ?


Innate Abilities, Weirdness & Mutations

You have an increased reservoir of magic. (+10% MP)
You shall have no god before yourself.
Your divine heritage dramatically boosts your attributes as you level up.


Message History

Press: ? - help, Q - select action, (/) - cycle Shift-Dir - straight line, f/p - adder
Aim: an adder (heavily wounded, 60% to hit)
You shoot an arrow. The arrow hits the adder!
You kill the adder!
The white imp hits you but does no damage.
The black bear barely misses you. The black bear misses you.
The black bear claws you. The black bear misses you.
The black bear claws you but does no damage.
The black bear claws you. The white imp misses you.
Fire: a) +0 shortbow
Press: ? - help, Q - select action, (/) - cycle Shift-Dir - straight line, f - black bear
Aim: a black bear (77% to hit)
Okay, then.
An adder comes into view.
The white imp misses you.
You see here an adder corpse.
The white imp attacks as you move away! The white imp misses you.
The black bear attacks as you move away!
The black bear bites you. The black bear barely misses you.
The black bear misses you.
The black bear attacks as you move away!
The black bear completely misses you.
The black bear claws you but does no damage.
The black bear misses you.
Found 2 potions of heal wounds.
The centaur wields a +0 shortbow.
The centaur shoots an arrow.
The arrow hits you.
Found 2 stones.
The orc warrior closely misses you.
The orc priest hits you with a +0 trident.
* * * LOW HITPOINT WARNING * * *
The black bear attacks as you move away!
The black bear bites you.
* * * LOW HITPOINT WARNING * * *
The black bear completely misses you. The black bear claws you.
* * * LOW HITPOINT WARNING * * *
The orc warrior attacks as you move away!
The orc warrior misses you.
You enter the shallow water.
Moving in this stuff is going to be slow.
The orc priest invokes the aid of Beogh against you.
Beogh smites you!
You die...

#.~~.#≈.# #.. #.
...##..≈.(.~~#. #..
#.# ..(..~~.~.~..~~
#.. #.#.### ...
.~~≈.≈~.~♣~# #.. .!
...# #.# #.≈.~#≈~..≈.
#.. ###. #.###.#
#~~~!.~♣....## #<.
... #.....# #~.#.~.#
...# #..
#.###.##..###@.#~≈.#
#.###..
#...†.†5.Sch.o♣#~~.
#..<...
########..###o..####.
#)####.
####.)##..#.o..o. #.#
#. #.....)).....##.
#.# #. #.##..##.....#
#.# ## # #..###...##
#.# .##..####.## #.#
### #..........##
#.####.##..


You could see an orc warrior, a black bear, a centaur, an orc priest, an adder
and a white imp.

Vanquished Creatures
  2 phantoms (D:4)
  A bullfrog (D:6)
  2 necrophages (D:4)
  3 wights (D:4)
  A bullfrog zombie (D:4)
  A centaur zombie (D:4)
  5 hounds
  A human zombie (D:4)
  An iguana (D:4)
  Natasha (thrice) (D:2)
  3 hound zombies (D:4)
  A howler monkey zombie (D:4)
  3 gnolls
  11 adders
  A shadow imp (D:5)
  A white imp (D:5)
  An ufetubus (D:6)
  An adder zombie (D:4)
  5 worms
  3 dart slugs
  13 orcs
  7 ball pythons
  5 bats
  4 endoplasms
  6 giant cockroaches
  6 goblins
  5 hobgoblins
  4 quokkas
  3 frilled lizards
  3 kobolds
  7 rats
113 creatures vanquished.

Notes
Turn   | Place    | Note
-------+----------+-------------------------------------------
     0 | D:1      | Thatpatchoflichen the Demigod Hunter began the quest for
                  | the Orb.
     0 | D:1      | Reached XP level 1. HP: 17/17 MP: 3/3
   170 | D:1      | Found Istraorr's Magic Scroll Shoppe.
   255 | D:1      | You fall into a shaft and drop 1 floor!
   315 | D:2      | Reached XP level 2. HP: 24/24 MP: 4/4
   751 | D:1      | Reached skill level 1 in Armour
   915 | D:1      | Reached XP level 3. HP: 29/29 MP: 5/5
  1480 | D:2      | Reached skill level 4 in Ranged Weapons
  1672 | D:2      | Noticed Natasha
  1683 | D:2      | Killed Natasha
  1684 | D:2      | Reached XP level 4. HP: 17/37 MP: 6/6
  1736 | D:2      | Noticed Natasha
  1855 | D:2      | Killed Natasha
  2095 | D:2      | Noticed Natasha
  2101 | D:2      | Killed Natasha
  2214 | D:3      | Reached XP level 5. HP: 42/44 MP: 7/7
  3580 | D:5      | Entered Level 5 of the Dungeon
  3582 | D:5      | Identified the +0 robe of Isiatwea {rN+ Will++ Dex+7}
  3954 | D:5      | Found a staircase to the Ecumenical Temple.
  3974 | D:5      | Reached XP level 6. HP: 22/51 MP: 8/8
  4145 | Temple   | Entered the Ecumenical Temple
  4683 | D:4      | Reached skill level 5 in Ranged Weapons
  4913 | D:4      | Reached XP level 7. HP: 34/59 MP: 9/9
  6054 | D:5      | Reached skill level 5 in Dodging
  6157 | D:6      | Reached skill level 6 in Ranged Weapons
  6171 | D:6      | Reached skill level 5 in Fighting
  6306 | D:6      | Killed from afar by an orc priest

Illustrated notes

Levels and vault maps discovered:
D:1:      ncdulo_smallfort, layout_basic,
          shapermc_ecumenical_altar_mp_highgroup, serial_shops, shop,
          minmay_stone_trees_medium
D:2:      layout_basic, basic_altar, serial_park_tiny_1,
          nicolae_elevator_lobby_asterisk, uniq_natasha
D:3:      layout_basic
D:4:      layout_loops_ring, lemuel_mausoleum_altar_yredelemnul, minmay_unequal
D:5:      layout_loops_ring, minmay_temple_entry_statues_fountains
D:6:      layout_loops_ring, lemuel_zombie_altar_kikubaaqudgha,
          chequers_serial_rivers_marsh, minivault_1, minmay_alternating_orb
Temple:   eino_temple_water

Skill      XL: |  1  2  3  4  5  6  7 |
---------------+----------------------+-----
Fighting       | 2 3 4 5 |  5.2
Dodging        | 2 3 4 5 |  5.3
Armour         | 1 2 |  2.1
Ranged Weapons | 4 5 6 |  6.0
Stealth        | |  0.8

Action                   |  1- 3 |  4- 6 |  7- 9 || total
-------------------------+-------+-------+-------++-------
 Fire: Shortbow          |   105 |   179 |   134 ||   418
  Use: Scroll            |       |       |     3 ||     3
       Potion            |       |       |     2 ||     2
Armor: Scale mail        |    15 |       |       ||    15
       Chain mail        |    28 |    29 |       ||    57
       Robe              |       |    19 |    13 ||    32
Dodge: Dodged            |    34 |    94 |    99 ||   227
